 Dungeon Crawl Stone Soup version 0.27.1-2-g3b301248ec (webtiles) character file.

Game seed: 3604341233222034903

304 MisterFreud the Shield-Bearer (level 6, -10/79 HPs)
             Began as a Gnoll Fighter on Oct 3, 2021.
             Blown up by Ijyb (33 damage)
             ... with a mindburst bolt
             ... on level 3 of the Dungeon.
             The game lasted 00:02:34 (2576 turns).

MisterFreud the Shield-Bearer (Gnoll Fighter)       Turns: 2576, Time: 00:02:34

Health: -10/79     AC: 23    Str: 15    XL:     6   Next: 38%
Magic:  8/8        EV:  2    Int: 10    God:
Gold:   169        SH: 10    Dex: 11    Spells: 8/8 levels left

rFire    . . .     SeeInvis .   j - +2 dagger (speed)
rCold    . . .     Faith    .   c - +0 kite shield
rNeg     + + +     Spirit   .   (armour currently unavailable)
rPois    +         Reflect  .   (helmet currently unavailable)
rElec    .         Harm     .   (cloak currently unavailable)
rCorr    .         Rampage  .   (gloves currently unavailable)
Will     .....     NoTele   +   (boots currently unavailable)
Stlth    ++........             (no amulet)
HPRegen  0.23/turn              p - ring of positive energy
MPRegen  0.11/turn              r - ring of poison resistance

@: tree-form
A: stationary, stasis, torment immunity, boosted hp, (fangs 1), strong nose,
distributed training
a: no special abilities


You were on level 3 of the Dungeon.
You were a tree.
You visited 1 branch of the dungeon, and saw 3 of its levels.

You collected 169 gold pieces.

Inventory:

Hand Weapons
 a - a +0 rapier
 j - a +2 dagger of speed (weapon)
Missiles
 m - 14 poisoned darts (quivered)
Armour
 b - a +0 scale mail (melded)
 c - a +0 kite shield (worn)
 l - a +1 hat (melded)
Jewellery
 p - a ring of positive energy (left branch)
 r - a ring of poison resistance (right branch)
Scrolls
 e - a scroll of vulnerability {unknown}
 f - a scroll of brand weapon {unknown}
 g - 2 scrolls of silence {unknown}
 k - a scroll of enchant armour {unknown}
 n - 2 scrolls of teleportation {unknown}
 o - 2 scrolls of fog {unknown}
 q - a scroll of identify {unknown}
 t - a scroll of amnesia {unknown}
Potions
 h - a potion of lignification
 i - a potion of mutation {unknown}


   Skills:
 + Level 6.8 Fighting
 + Level 5.0 Short Blades
 + Level 1.9 Long Blades
 + Level 1.9 Axes
 + Level 1.9 Maces & Flails
 + Level 1.9 Polearms
 + Level 1.9 Staves
 + Level 1.9 Slings
 + Level 1.9 Bows
 + Level 1.9 Crossbows
 + Level 1.9 Throwing
 + Level 6.8 Armour
 + Level 1.9 Dodging
 + Level 1.9 Stealth
 + Level 6.8 Shields
 + Level 1.9 Unarmed Combat
 + Level 1.9 Spellcasting
 + Level 1.5 Conjurations
 + Level 1.5 Hexes
 + Level 1.5 Summonings
 + Level 1.5 Necromancy
 + Level 1.5 Translocations
 + Level 1.5 Transmutations
 + Level 1.5 Fire Magic
 + Level 1.5 Ice Magic
 + Level 1.5 Air Magic
 + Level 1.5 Earth Magic
 + Level 1.5 Poison Magic
 + Level 2.1 Invocations
 + Level 1.9 Evocations


You had 8 spell levels left.
You didn't know any spells.
Your spell library contained the following spells:

 Spells                   Type           Power      Damage    Failure   Level
 Olgreb's Toxic Radiance  Pois           4%         N/A       99%         4
 Ozocubu's Refrigeration  Ice            2%         4d5       100%        7
 Ignition                 Fire           2%         3d3       100%        8


Dungeon Overview and Level Annotations

Branches:
Dungeon (3/15)

Altars:

Annotations:
D:3 2 runed translucent doors, Ijyb


Innate Abilities, Weirdness & Mutations

You are a tree.
Your roots penetrate the ground, keeping you stationary.
You cannot be teleported.
You are immune to unholy pain and torment.
Your maximum health is greatly increased.
Your equipment is partially melded.
((You have very sharp teeth.))
Your uncanny sense of smell can sniff out nearby items.
Your experience applies equally to all skills.


Message History

Ijyb is lightly wounded.
You barely miss Ijyb.
Ijyb is lightly wounded.
Ijyb hits you with a +0 club.
You hit Ijyb but do no damage.
Ijyb is lightly wounded.
Ijyb screams, "You nasty!
Big nasty!"
You block Ijyb's attack.
You barely miss Ijyb.
Ijyb is lightly wounded.
You hit Ijyb but do no damage.
Ijyb is lightly wounded.
You block Ijyb's attack.
You hit Ijyb but do no damage.
Ijyb is lightly wounded.
Ijyb zaps a wand.
Your mind is blasted!
* * * LOW HITPOINT WARNING * * *
You hit Ijyb but do no damage.
Ijyb is lightly wounded.
You barely miss Ijyb.
Ijyb is lightly wounded.
Ijyb zaps a wand.
Your mind is blasted!
* * * LOW HITPOINT WARNING * * *
You hit Ijyb but do no damage.
Ijyb is lightly wounded.
You block Ijyb's attack.
Unknown command.
You feel much better. Ijyb hits you but does no damage.
Unknown command.
Unknown command.
You aren't carrying any items that you can evoke.
You hit Ijyb but do no damage.
Ijyb is lightly wounded.
You hit Ijyb but do no damage.
Ijyb is lightly wounded.
Ijyb hits you but does no damage.
You hit Ijyb but do no damage.
Ijyb is lightly wounded.
Ijyb zaps a wand.
Your mind is blasted!
You die...

#..... ..... .... ∆
### ... +. ..## + #.
#.. ..# # #.##.# #g#
# # #.##.#####♣##.# #
##.............#
######...........####
........#...#....#
.##..##..........#
..#..####...##..##
###.
..#.........#...#
....
..#.#######.....# ...
....# ###.>.# ..#


You could see Ijyb.

Vanquished Creatures
  Grinder (D:3)
  5 adders
  2 worms
  An orc (D:3)
  6 bats
  5 endoplasms
  6 giant cockroaches
  2 goblins
  2 hobgoblins (D:2)
  2 jackals (D:1)
  A quokka (D:1)
  7 ball pythons
  3 frilled lizards
  6 kobolds
  5 rats
54 creatures vanquished.

Vanquished Creatures (others)
  A fungus (D:3)
  A plant (D:3)
2 creatures vanquished.

Grand Total: 56 creatures vanquished

Notes
Turn   | Place    | Note
-------+----------+-------------------------------------------
     0 | D:1      | MisterFreud the Gnoll Fighter began the quest for the Orb.
     0 | D:1      | Reached XP level 1. HP: 23/23 MP: 1/1
   236 | D:1      | Reached XP level 2. HP: 29/29 MP: 2/2
   900 | D:1      | Reached XP level 3. HP: 35/35 MP: 3/3
  1146 | D:2      | Reached skill level 1 in Invocations
  1571 | D:2      | Reached skill level 1 in Long Blades
  1571 | D:2      | Reached skill level 1 in Axes
  1571 | D:2      | Reached skill level 1 in Maces & Flails
  1571 | D:2      | Reached skill level 1 in Polearms
  1571 | D:2      | Reached skill level 1 in Staves
  1571 | D:2      | Reached skill level 1 in Slings
  1571 | D:2      | Reached skill level 1 in Bows
  1571 | D:2      | Reached skill level 1 in Crossbows
  1571 | D:2      | Reached skill level 1 in Throwing
  1571 | D:2      | Reached skill level 1 in Dodging
  1571 | D:2      | Reached skill level 1 in Stealth
  1571 | D:2      | Reached skill level 1 in Unarmed Combat
  1571 | D:2      | Reached skill level 1 in Spellcasting
  1571 | D:2      | Reached skill level 1 in Evocations
  1628 | D:2      | Reached XP level 4. HP: 41/41 MP: 5/5
  2392 | D:3      | Noticed Grinder
  2407 | D:3      | Paralysed by Grinder for 7 turns
  2425 | D:3      | Killed Grinder
  2426 | D:3      | Reached skill level 1 in Conjurations
  2426 | D:3      | Reached skill level 1 in Hexes
  2426 | D:3      | Reached skill level 1 in Summonings
  2426 | D:3      | Reached skill level 1 in Necromancy
  2426 | D:3      | Reached skill level 1 in Translocations
  2426 | D:3      | Reached skill level 1 in Transmutations
  2426 | D:3      | Reached skill level 1 in Fire Magic
  2426 | D:3      | Reached skill level 1 in Ice Magic
  2426 | D:3      | Reached skill level 1 in Air Magic
  2426 | D:3      | Reached skill level 1 in Earth Magic
  2426 | D:3      | Reached skill level 1 in Poison Magic
  2426 | D:3      | Reached XP level 5. HP: 40/47 MP: 5/7
  2426 | D:3      | Reached XP level 6. HP: 45/53 MP: 5/8
  2498 | D:3      | Reached skill level 5 in Short Blades
  2507 | D:3      | Found a large runed translucent door.
  2508 | D:3      | Found a large runed translucent door.
  2537 | D:3      | Noticed Ijyb
  2576 | D:3      | Blown up by Ijyb

Illustrated notes

Levels and vault maps discovered:
D:1:      evilmike_arrival_fibonacci_small, layout_loops_corners,
          nrook_mini_backslash, minmay_strange_pillars
D:2:      wad_river_or_something, layout_basic
D:3:      layout_loops_cross, jmf_multi_god_temple2,
          shapermc_ecumenical_altar_mp_ritualfount, hex_large, minmay_circle_x,
          uniq_grinder, uniq_ijyb

Skill      XL: |  1  2  3  4  5  6 |
---------------+-------------------+-----
Invocations    | 1 2 |  2.1
Long Blades    | 1 |  1.9
Axes           | 1 |  1.9
Maces & Flails | 1 |  1.9
Polearms       | 1 |  1.9
Staves         | 1 |  1.9
Slings         | 1 |  1.9
Bows           | 1 |  1.9
Crossbows      | 1 |  1.9
Throwing       | 1 |  1.9
Dodging        | 1 |  1.9
Stealth        | 1 |  1.9
Unarmed Combat | 1 |  1.9
Spellcasting   | 1 |  1.9
Evocations     | 1 |  1.9
Conjurations   | 1 |  1.5
Hexes          | 1 |  1.5
Summonings     | 1 |  1.5
Necromancy     | 1 |  1.5
Translocations | 1 |  1.5
Transmutations | 1 |  1.5
Fire Magic     | 1 |  1.5
Ice Magic      | 1 |  1.5
Air Magic      | 1 |  1.5
Earth Magic    | 1 |  1.5
Poison Magic   | 1 |  1.5
Short Blades   | 5 |  5.0
Fighting       | |  6.8
Armour         | |  6.8
Shields        | |  6.8

Action                   |  1- 3 |  4- 6 || total
-------------------------+-------+-------++-------
Melee: Rapier            |    64 |       ||    64
       Bite              |     9 |     8 ||    17
       Dagger            |    54 |   110 ||   164
  Use: Potion            |       |     4 ||     4
Armor: Scale mail        |    42 |    22 ||    64
       Skin              |       |     4 ||     4
Dodge: Dodged            |    24 |    16 ||    40
Block: Kite shield       |    56 |    31 ||    87
